 Dungeon Crawl Stone Soup version 0.31.0-32-g396128a36d (webtiles) character file.

Game seed: 13032691495951329723

22 Dvallin the Changeling (level 2, -1/25 HPs)
             Began as a Naga Shapeshifter on Mar 31, 2024.
             Slain by Sigmund
             ... wielding a +5 scythe
              (9 damage)
             ... on level 2 of the Dungeon.
             The game lasted 00:01:20 (764 turns).

Dvallin the Changeling (Naga Shapeshifter)           Turns: 764, Time: 00:01:21

Health: -1/25      AC:  1    Str: 16    XL:     2   Next: 91%
Magic:  2/2        EV:  9    Int: 10    God:
Gold:   46         SH:  0    Dex: 10    Spells: 1/1 levels left

rFire   . .          .
                       - Unarmed
rCold   . . .        (no shield)
rNeg    . . .        a - +0 animal skin
rPois   +            (helmet currently unavailable)
rElec   .            (cloak currently unavailable)
rCorr   .            (gloves currently unavailable)
SInv    +            (no barding)
Will    .....        (no amulet)
Stlth   +            (no ring)
HPRegen 0.24/turn    (no ring)
MPRegen 0.08/turn

%: no passive effects
@: beast-form, very slow
A: beast (slay +2), AC +0, large, see invisible, deformed body, poison
resistance, slowness 2, spit poison 1, naga tail 1
a: Spit Poison, Begin Untransformation


You were on level 2 of the Dungeon.
You were a hulking beast.
You visited 1 branch of the dungeon, and saw 2 of its levels.

You collected 46 gold pieces.

Inventory:

Armour
 a - a +0 animal skin (worn)
Talismans
 c - a beast talisman
 d - a flux talisman
Scrolls
 e - a scroll of vulnerability {unknown}
 h - 2 scrolls of amnesia {unknown}
 i - a scroll of fear {unknown}
Potions
 b - a potion of lignification
 f - 2 potions of attraction {unknown}
 g - a potion of haste {unknown}
 j - a potion of enlightenment {unknown}
 k - a potion of heal wounds {unknown}


   Skills:
 - Level 1.0 Fighting
 - Level 1.5 Dodging
 - Level 3.0 Unarmed Combat
 + Level 3.9 Shapeshifting


You had one spell level left.
You didn't know any spells.
Your spell library contained the following spells:

 Spells                   Type           Power      Damage    Failure   Level
 Apportation              Tloc           0%         N/A       36%         1
 Jinxbite                 Hex            0%         N/A       50%         2
 Alistair's Intoxication  Alch           0%         N/A       100%        5


Dungeon Overview and Level Annotations

Branches:
Dungeon (2/15)

Altars:

Annotations:
D:2 Sigmund


Innate Abilities, Weirdness & Mutations

You are a hulking beast.
Your limbs bulge with bestial killing power. (Slay +2)
Your serpentine skin is tough. (AC +0)
You have supernaturally acute eyesight. (SInv)
Armour fits poorly on your strangely shaped body.
Your system is resistant to poisons. (rPois)
You cover ground very slowly.
You can spit poison.
You have a snake-like lower body.


Message History

A frilled lizard is nearby!
The frilled lizard barely misses you. x2
You completely miss the frilled lizard.
You have got your breath back.
The frilled lizard bites you but does no damage.
You barely miss the frilled lizard. The frilled lizard bites you.
You hit the frilled lizard.
You kill the frilled lizard!
No target in view!
Done exploring.
Done exploring.
There is a stone staircase leading down here.
You climb downwards.
Sigmund shouts!
Found 12 gold pieces.
There is a stone staircase leading up here.
Sigmund is nearby!
You hit Sigmund.
Sigmund is lightly wounded.
You hit Sigmund.
Sigmund is moderately wounded.
Sigmund hits you with a +5 scythe!
You closely miss Sigmund.
Sigmund is moderately wounded.
Sigmund hits you with a +5 scythe!
* * * LOW HITPOINT WARNING * * *
You punch Sigmund!
Sigmund is heavily wounded.
You hit Sigmund.
Sigmund is severely wounded.
Sigmund barely misses you.
You hit Sigmund.
Sigmund is severely wounded.
Sigmund gestures wildly while chanting.
Sigmund flickers and vanishes for a moment.
You hit Sigmund.
Sigmund is severely wounded.
Sigmund hits you with a +5 scythe!
You die...
Sigmund begins carving another notch in his scythe.

#. #. #.
#. #
#.#+##.#
#......#
#.@....#
#.h....#
#......#
#......#
#....$.#
#......#
#......#
#......#
#......#


You could see Sigmund (invisible).

Vanquished Creatures
  3 bats (D:1)
  4 endoplasms (D:1)
  2 giant cockroaches (D:1)
  2 hobgoblins (D:1)
  2 kobolds (D:1)
  3 ball pythons (D:1)
  2 frilled lizards (D:1)
  A goblin (D:1)
  A rat (D:1)
20 creatures vanquished.

Notes
Turn   | Place    | Note
-------+----------+-------------------------------------------
     0 | D:1      | Dvallin the Naga Shapeshifter began the quest for the Orb.
     0 | D:1      | Reached XP level 1. HP: 18/18 MP: 1/1
    42 | D:1      | Found a faded altar of an unknown god.
   201 | D:1      | Reached XP level 2. HP: 20/25 MP: 2/2
   757 | D:2      | Noticed Sigmund
   764 | D:2      | Slain by Sigmund

Illustrated notes

Levels and vault maps discovered:
D:1:      eino_arrival_druids_welcome, layout_basic,
          dreamdust_ecumenical_altar_statues
D:2:      layout_basic, uniq_robin, uniq_sigmund

Action                     || total
---------------------------++-------
  Melee: Unarmed           ||    32
Ability: Spit Poison       ||    16
 Armour: Animal skin       ||    19
  Dodge: Dodged            ||    12
